 Dungeon Crawl Stone Soup version 0.18-a0-1071-g9f02aef (webtiles) character file.

17 MrRokkomies the Conjurer (level 2, -4/17 HPs)
             Began as an Octopode Conjurer on Jan 14, 2016.
             Slain by Natasha (8 damage)
             ... on level 2 of the Dungeon.
             The game lasted 00:01:42 (723 turns).

MrRokkomies the Conjurer (Octopode Conjurer)         Turns: 723, Time: 00:01:42

Health: -4/17      AC:  1    Str:  7    XL:     2   Next: 62%
Magic:  5/5        EV: 12    Int: 17    God:
Gold:   41         SH:  0    Dex: 12    Spells: 1 memorised, 4 levels left

rFire  . . .     SeeInvis .     a - +1 dagger (venom)
rCold  . . .     Gourm    .     (no shield)
rNeg   . . .     Faith    .     (helmet restricted)
rPois  .         Spirit   .     (no amulet)
rElec  .         Dismiss  .     (no ring)
rCorr  .         Reflect  .     (no ring)
SustAt .         Harm     .     (no ring)
MR     .....                    (no ring)
Stlth  +++.......               (no ring)
                                (no ring)
                                (no ring)
                                (no ring)

@: slowed, very slow, not resistant to hostile enchantments, fairly stealthy
A: almost no armour, amphibious, 8 rings, constrict 8, camouflage 1, gelatinous
body 1
a: no special abilities


You were on level 2 of the Dungeon.
You were not hungry.

You visited 1 branch of the dungeon, and saw 2 of its levels.

You collected 41 gold pieces.

Inventory:

Hand Weapons
 a - a +1 dagger of venom (weapon)
Missiles
 e - 9 poisoned needles
 g - 62 stones (quivered)
Scrolls
 f - 2 scrolls of fog {unknown}
 i - a scroll of enchant weapon {unknown}
Potions
 c - a potion of mutation {unknown}
 d - a potion of flight {unknown}
Books
 h - a book of Conjurations

   Spells                             Type                      Level
   a - Magic Dart                     Conjuration                  1
   b - Searing Ray                    Conjuration                  2
   c - Dazzling Spray                 Conjuration/Hexes            3
   d - Fulminant Prism                Conjuration/Hexes            4
   e - Iskenderun's Mystic Blast      Conjuration                  4
   f - Iskenderun's Battlesphere      Conjuration/Charms           5
Comestibles
 b - a bread ration


   Skills:
 - Level 2.0 Dodging
 + Level 3.3 Stealth
 - Level 2.0 Spellcasting
 * Level 4.4 Conjurations


You had 4 spell levels left.
You knew the following spells:

 Your Spells              Type           Power        Failure   Level  Hunger
a - Magic Dart            Conj           ###.         3%          1    #......


Dungeon Overview and Level Annotations

Branches:
Dungeon (2/15)

Altars:
The Shining One

Annotations:
D:2 Natasha


Innate Abilities, Weirdness & Mutations

You cannot wear most types of armour.
You are amphibious.
You can wear up to eight rings at the same time.
You can use your tentacles to constrict eight enemies at once.
Your skin changes colour to match your surroundings (Stealth).
Your rubbery body absorbs attacks (AC +1).


Message History

The helpless rat fails to defend itself.
You puncture the rat!
You kill the rat!
Natasha hisses angrily.
Natasha casts a spell at you.
You feel yourself slow down.
You hit Natasha.
Natasha is poisoned.
You grab Natasha.
Natasha is lightly wounded.
You constrict Natasha. Natasha claws you.
Natasha extends her claws.
Natasha claws you!
* * * LOW HITPOINT WARNING * * *
You are too injured to fight recklessly!
You are too injured to fight recklessly!
You hit Natasha but do no damage.
Natasha looks even sicker.
You squeeze Natasha.
Natasha is heavily wounded.
You constrict Natasha, but do no damage.
Natasha claws you!
You die...

#.#######
####.......#
#.....####.#
## #.###.#
#.#####+#<#.
#<..#.#
#.#.........
#.#.#.#
#.#.........
#.#.#.#
#.'.........
#.. #.#
###.........
### #.#
#.@.......
#..h......
#.........
#.........
##########


You could see Natasha.

Vanquished Creatures
  3 bats (D:1)
  2 giant cockroaches (D:1)
  4 goblins (D:1)
  2 hobgoblins (D:1)
  A giant newt (D:1)
  5 rats
17 creatures vanquished.

Notes
Turn   | Place    | Note
--------------------------------------------------------------
     0 | D:1      | MrRokkomies the Octopode Conjurer began the quest for the Orb.
     0 | D:1      | Reached XP level 1. HP: 11/11 MP: 3/3
   116 | D:1      | Reached XP level 2. HP: 17/17 MP: 5/5
   225 | D:1      | Found a glowing golden altar of the Shining One.
   717 | D:2      | Noticed Natasha
   723 | D:2      | Slain by Natasha

Vault maps used:
D:1:      lightli_arrival_statuegarden, grunt_decor_fettered, tso_metal_star
D:2:      minitemple, minmay_misc_feat_ornament, uniq_natasha

Action                   || total
-------------------------++-------
Melee: Mace              ||    26
       Unarmed           ||     4
       Dagger            ||     6
 Stab: Sleeping          ||     8
       Distracted        ||     1
